 Dungeon Crawl Stone Soup version 0.31-a0-441-g867994ef1c (webtiles) character file.

Game seed: 10878816801818384050

79 randomguy2701 the Trooper (level 4, -1/41 HPs)
             Began as a Hill Orc Fighter on Aug 2, 2023.
             Killed from afar by Ijyb (11 damage)
             ... with a bolt of dispelling energy
             ... on level 3 of the Dungeon.
             The game lasted 00:01:04 (1604 turns).

randomguy2701 the Trooper (Hill Orc Fighter)        Turns: 1604, Time: 00:01:05

Health: -1/41      AC:  6    Str: 18    XL:     4   Next: 37%
Magic:  4/4        EV:  9    Int:  8    God:
Gold:   120        SH:  4    Dex: 12    Spells: 3/3 levels left

rFire   . . .        a - +0 war axe
rCold   . . .        c - +0 buckler
rNeg    . . .        b - +0 scale mail
rPois   .            (no helmet)
rElec   .            (no cloak)
rCorr   .            (no gloves)
SInv    .            (no boots)
Will    .....        (no amulet) Stlth
                     (no ring)
HPRegen 0.26/turn    (no ring)
MPRegen 0.09/turn

%: no passive effects
@: no status effects
A: no striking features
a: no special abilities


You were on level 3 of the Dungeon.
You visited 1 branch of the dungeon, and saw 3 of its levels.

You collected 120 gold pieces.

Inventory:

Hand Weapons
 a - a +0 war axe (weapon)
Missiles
 e - a throwing net
Armour
 b - a +0 scale mail (worn)
 c - a +0 buckler (worn)
Wands
 i - a wand of paralysis (13)
Scrolls
 h - 6 scrolls of identify {unknown}
 k - a scroll of poison {unknown}
 l - a scroll of enchant armour {unknown}
 m - a scroll of teleportation {unknown}
 n - a scroll of amnesia {unknown}
Potions
 d - a potion of might
 f - 2 potions of curing {unknown}
 g - a potion of resistance {unknown}
 j - a potion of attraction {unknown}


   Skills:
 + Level 4.4 Fighting
 + Level 4.2 Axes
 + Level 3.6 Armour
 + Level 0.3 Dodging
 + Level 3.7 Shields


You had 3 spell levels left.
You didn't know any spells.
Your spell library was empty.

Dungeon Overview and Level Annotations

Branches:
Dungeon (3/15)

Altars:

Annotations:
D:3 Ijyb


Message History

Ijyb zaps a wand.
The bolt of dispelling energy hits the kobold!!
The kobold dies!
The bolt of dispelling energy hits you!
Ijyb zaps a wand.
The bolt of dispelling energy misses you.
Things that are here:
a +0 short sword; a kobold corpse The frilled lizard bites you but does no damage.
You hit Ijyb.
Ijyb is lightly wounded.
You barely miss the frilled lizard. You miss the adder.
The adder barely misses you. Ijyb hits you but does no damage.
You block the frilled lizard's attack. The adder closely misses you.
You hit Ijyb but do no damage.
Ijyb is lightly wounded.
You miss the frilled lizard. You barely miss the adder. Ijyb barely misses you.
The frilled lizard closely misses you. The adder bites you but does no damage.
Ijyb zaps a wand.
The bolt of dispelling energy hits you! The frilled lizard closely misses you.
You hit Ijyb but do no damage.
Ijyb is lightly wounded.
You hit the frilled lizard but do no damage.
You hit the adder. You block the adder's attack.
The adder bites you but does no damage. Ijyb hits you but does no damage.
The frilled lizard bites you but does no damage.
You closely miss the adder.
The adder is heavily wounded.
You closely miss Ijyb. You closely miss the frilled lizard.
The adder bites you. You block Ijyb's attack.
The frilled lizard closely misses you. The adder misses you.
You barely miss the adder.
The adder is heavily wounded.
You hit Ijyb. You slash the frilled lizard!
You kill the frilled lizard!
Ijyb zaps a wand.
The bolt of dispelling energy hits you!
* * * LOW HITPOINT WARNING * * *
The adder bites you but does no damage.
Ijyb zaps a wand.
The bolt of dispelling energy hits you!
You die...

...........†.....>.....
..#...<..............#
##...................
#.)....#####....##.#
......###### #..#.....#
.###. ##....$K...# ..
#........... ..
#.)......... ##
#.@........#
#....g†S.......#
#####.#.........
........... ... .......
...< ....... .....
###.### ...... ..


You could see Ijyb, an adder and a kobold.

Vanquished Creatures
  2 adders (D:2)
  2 worms (D:2)
  3 dart slugs
  An orc (D:3)
  4 ball pythons
  5 endoplasms
  2 giant cockroaches (D:1)
  2 goblins (D:2)
  5 hobgoblins
  3 jackals (D:1)
  8 kobolds
  2 quokkas
  5 bats
  3 frilled lizards
  A rat (D:2)
48 creatures vanquished.

Vanquished Creatures (others)
  A kobold (D:3)
1 creature vanquished.

Grand Total: 49 creatures vanquished

Notes
Turn   | Place    | Note
-------+----------+-------------------------------------------
     0 | D:1      | randomguy2701 the Hill Orc Fighter began the quest for the
                  | Orb.
     0 | D:1      | Reached XP level 1. HP: 19/19 MP: 1/1
   167 | D:1      | Found a faded altar of an unknown god.
   177 | D:1      | Reached XP level 2. HP: 27/27 MP: 2/2
   469 | D:1      | Reached XP level 3. HP: 33/33 MP: 3/3
   988 | D:2      | Reached XP level 4. HP: 34/41 MP: 4/4
  1595 | D:3      | Noticed Ijyb
  1604 | D:3      | Killed from afar by Ijyb

Illustrated notes

Levels and vault maps discovered:
D:1:      ncdulo_wetmaze, layout_loops_ring,
          shapermc_ecumenical_altar_totnotflames
D:2:      layout_loops_ring, minmay_misc_feat_more_columns
D:3:      layout_rooms, uniq_ijyb

Skill      XL: |  1  2  3 |
---------------+----------+-----
Fighting       | 4 |  4.4
Axes           | 3 4 |  4.2
Armour         | |  3.6
Dodging        | |  0.3
Shields        | |  3.7

Action                     |  1- 3 |  4- 6 || total
---------------------------+-------+-------++-------
  Melee: War axe           |    95 |    36 ||   131
 Armour: Scale mail        |    39 |    18 ||    57
  Dodge: Dodged            |    39 |    23 ||    62
  Block: Buckler           |    18 |    15 ||    33

Table legend: (Time is in decaauts)
 A = Elapsed time spent in this place.
 B = Non-inter-level travel time spent in this place.
 C = Inter-level travel time spent in this place.
 D = Time resting spent in this place.
 E = Time spent auto-exploring this place.
 F = Levels seen in this place.
 G = Mean time per level.
                   A        B        C        D        E       F      G
               +--------+--------+--------+--------+--------+-----+--------+
         Total |   1656 |   1588 |     68 |      0 |   1287 |   3 |  552.0 |
       Dungeon |   1656 |   1588 |     68 |      0 |   1287 |   3 |  552.0 |
               +--------+--------+--------+--------+--------+-----+--------+

Top non-repeatable levels by time:
     D:2: 901 daAuts
     D:1: 710 daAuts
     D:3: 45 daAuts
